 Dungeon Crawl Stone Soup version 0.30-a0-509-gd016549fea (webtiles) character file.

Game seed: 6910410457042385313

10526 Jase the Blocker (level 11, -6/75 HPs)
             Began as a Formicid Fighter on Dec 23, 2022.
             Was a Plaything of Xom.
             Mangled by an eight-headed hydra (13 damage)
             ... on level 4 of the Lair of Beasts.
             The game lasted 00:33:40 (10851 turns).

Jase the Blocker (Formicid Fighter)                Turns: 10851, Time: 00:33:40

Health: -6/75      AC: 18    Str: 25    XL:     11   Next: 94%
Magic:  11/11      EV:  7    Int:  8    God:    Xom [*.....]
Gold:   561        SH: 13    Dex: 17    Spells: 10/10 levels left

rFire   . . .      SeeInvis +    a - +7 mace of Variability {chain chaos}
rCold   . . .      Faith    .    j - +0 kite shield
rNeg    . . .      Spirit   .    M - +0 plate armour
rPois   .          Reflect  .    (helmet unavailable)
rElec   .          Harm     .    u - +0 cloak
rCorr   .          Rampage  .    (no gloves)
Will    +....                    z - +0 pair of boots
Stlth   ..........               (no amulet)
HPRegen 0.32/turn                y - ring of protection from cold
MPRegen 0.12/turn                C - +6 ring of dexterity

@: unable to read
A: permanent stasis, dig shafts and tunnels, antennae 3, four strong arms,
clumsy 1, cold vulnerability 1, inability to read after injury 1
a: Dig, Shaft Self, Renounce Religion


You were on level 4 of the Lair of Beasts.
You worshipped Xom.
You were a special plaything of Xom.
You visited 3 branches of the dungeon, and saw 14 of its levels.
You also visited: Sewer.

You collected 605 gold pieces.
You spent 44 gold pieces at shops.

Inventory:

Hand Weapons
 a - the +7 mace of Variability (weapon) {chain chaos}
   (You found it on level 9 of the Dungeon)

   Each time it hits an enemy it has a different, random effect.
   It occasionally unleashes arcs of chaos on nearby creatures upon striking a
   foe.
 b - a +3 dire flail
 c - a +1 flail of holy wrath
 d - a +1 flail of protection
Missiles
 f - 38 stones
 g - 23 poisoned darts
 q - 6 boomerangs (quivered)
 I - a curare-tipped dart
Armour
 j - a +0 kite shield (worn)
 u - a +0 cloak (worn)
 z - a +0 pair of boots (worn)
 M - a +0 plate armour (worn)
 Q - the +1 robe of Philately {rF++}
   (You found it on level 4 of the Lair of Beasts)

   rF:        It greatly protects you from fire.
Jewellery
 y - a ring of protection from cold (left hand)
 C - a +6 ring of dexterity (right hand)
 H - a ring of positive energy
 O - a +6 ring of intelligence
Wands
 F - a wand of acid (20)
 L - a wand of flame (35)
 P - a wand of mindburst (8)
Scrolls
 h - 2 scrolls of poison
 i - a scroll of magic mapping
 m - 3 scrolls of enchant armour {unknown}
 o - 2 scrolls of enchant weapon {unknown}
 p - 3 scrolls of fear
 r - 3 scrolls of fog {unknown}
 s - 3 scrolls of vulnerability {unknown}
 v - 2 scrolls of acquirement {unknown}
 x - 2 scrolls of teleportation {unknown}
 E - 2 scrolls of torment {unknown}
 G - a scroll of butterflies {unknown}
Potions
 e - 6 potions of curing
 k - 2 potions of lignification
 l - a potion of resistance
 n - a potion of ambrosia {unknown}
 t - a potion of cancellation {unknown}
 w - 5 potions of invisibility
 A - a potion of heal wounds
 B - 2 potions of brilliance
 D - 5 potions of mutation
 J - 4 potions of flight {unknown}
 K - 2 potions of haste {unknown}
 N - a potion of might


   Skills:
 - Level 3.2 Fighting
 + Level 10.7 Maces & Flails
 + Level 11.9 Armour
 + Level 14.0 Shields


You had 10 spell levels left.
You didn't know any spells.
Your spell library contained the following spells:

 Spells                   Type           Power      Damage    Failure   Level
 Foxfire                  Conj/Fire      0%         2x1d4     99%         1
 Magic Dart               Conj           0%         1d3       99%         1
 Call Imp                 Summ           0%         N/A       100%        2
 Mephitic Cloud           Conj/Pois/Air  0%         N/A       100%        3
 Ozocubu's Armour         Ice            0%         N/A       100%        3
 Stone Arrow              Conj/Erth      0%         3d7       100%        3
 Animate Armour           Summ/Erth      0%         N/A       100%        4
 Fireball                 Conj/Fire      0%         3d3       100%        5
 Starburst                Conj/Fire      0%         6d3       100%        6
 Ozocubu's Refrigeration  Ice            0%         4d7       100%        7
 Lehudib's Crystal Spear  Conj/Erth      0%         10d2      100%        8


Dungeon Overview and Level Annotations

Branches:
Dungeon (10/15)            Temple (1/1) D:7            Lair (4/5) D:9
  Slime (0/5) Lair:4        Sewer (visited)
  Swamp: Lair:2-3    Shoals: Lair:2-3     Snake: Lair:2-3    Spider: Lair:2-3
    Orc: D:9-12

Altars:
Ashenzari
Cheibriados
Dithmenos
Elyvilon
Gozag
Hepliaklqana
Kikubaaqudgha
Makhleb
Nemelex Xobeh
Okawaru
Qazlal
Ru
Sif Muna
Trog
Uskayaw
Vehumet
Wu Jian
Xom
Yredelemnul
Zin
The Shining One
Jiyva

Shops:
D:3 !


Innate Abilities, Weirdness & Mutations

You cannot be hasted, slowed, berserked, paralysed or teleported.
You can dig through walls and to a lower floor.
You have a pair of large antennae on your head. (SInv)
Your four strong arms can wield two-handed weapons with a shield.
You are clumsy. (Dex -2)
You are vulnerable to cold. (rC-)
You occasionally lose the ability to read scrolls when taking damage.


Message History

You start resting.
An eight-headed hydra comes into view.
The eight-headed hydra roars!
Things that are here:
an elephant corpse; a cane toad corpse You start resting.
An eight-headed hydra is nearby!
Xom smirks.
You detect items!
You sock the eight-headed hydra! You freeze the eight-headed hydra.
The eight-headed hydra is lightly wounded.
The eight-headed hydra bites you.
The eight-headed hydra bites you but does no damage.
You block the eight-headed hydra's attack.
The eight-headed hydra closely misses you.
The eight-headed hydra bites you!
You feel threatened and lose the ability to read scrolls!
The eight-headed hydra bites you!
The eight-headed hydra bites you but does no damage. x2
You hit the eight-headed hydra.
The eight-headed hydra is moderately wounded.
The eight-headed hydra bites you!
* * * LOW HITPOINT WARNING * * *
The eight-headed hydra closely misses you.
The eight-headed hydra bites you but does no damage. x2
You block the eight-headed hydra's attack. x2
The eight-headed hydra bites you but does no damage.
The eight-headed hydra bites you.
* * * LOW HITPOINT WARNING * * *
You completely miss the eight-headed hydra.
The eight-headed hydra is lightly wounded.
The eight-headed hydra barely misses you.
The eight-headed hydra bites you but does no damage.
The eight-headed hydra barely misses you.
The eight-headed hydra bites you!
* * * LOW HITPOINT WARNING * * *
You block the eight-headed hydra's attack.
The eight-headed hydra bites you!
You die...
Xom thinks this is hilarious!

,,,,,.....*###
,,,,.##...##.#####
,∆,,.......#.#..P##
,,,,#.............#
,,,,#.............##**#
,,,,,#........†..#.##.#
,,.,*##.._.....†......#***
,,...,#..{...#.D†.....##,***
,,.....#....####@.......,,,***
,,......>..## ##.......,,,,,*
*,#.#.....## ***.......,,,,,*
**#...#....* *,*.......,,,,,**
##.......#***,*#......*,,,*,***
*,###.....,,,,**#.P..#***<,,,,,
*** ##..:..,,,* *##P..,,*,,*,*,
##....,,,** *...,,,,,,**,
*.#....,,,* *∆,,,,,,,,,,,


You could see an eight-headed hydra.

Vanquished Creatures
  A hydra (Lair:4)
  Pikel (D:9)
  2 elephants (Lair:4)
  A cane toad (Lair:4)
  Psyche (D:9)
  A rime drake (Lair:1)
  3 komodo dragons
  Grinder (D:6)
  A hornet (D:8)
  10 dancing weapons (Lair:1)
  5 wyverns
  2 basilisks
  2 steam dragons
  2 chaos spawn (D:9)
  12 water moccasins
  3 black bears
  An orc warrior (D:9)
  3 ice beasts
  2 wolves (Lair:4)
  2 sky beasts (D:7)
  A centaur (D:9)
  2 kobold brigands
  6 bullfrogs
  2 necrophages
  2 gnoll sergeants
  8 scorpions
  16 wights
  4 killer bees (D:9)
  3 electric eels (Lair:1)
  A howler monkey (D:9)
  2 gnoll boudas
  A jelly (D:6)
  6 orc priests
  An iguana (D:3)
  Jessica (D:3)
  An orc wizard (D:9)
  A hell rat (Sewer)
  Robin (D:4)
  16 gnolls
  8 adders
  3 river rats (Sewer)
  2 white imps
  An ufetubus (D:6)
  2 worms (D:3)
  13 orcs
  4 endoplasms
  7 giant cockroaches
  14 goblins
  8 hobgoblins
  2 jackals (D:2)
  7 kobolds
  3 quokkas
  8 ball pythons
  5 bats
  2 frilled lizards
  8 rats
228 creatures vanquished.

Vanquished Creatures (others)
  32 fungi
  50 plants
82 creatures vanquished.

Grand Total: 310 creatures vanquished

Notes
Turn   | Place    | Note
-------+----------+-------------------------------------------
     0 | D:1      | Jase the Formicid Fighter began the quest for the Orb.
     0 | D:1      | Reached XP level 1. HP: 18/18 MP: 1/1
   101 | D:1      | Found a faded altar of an unknown god.
   150 | D:1      | Reached XP level 2. HP: 24/24 MP: 2/2
   538 | D:1      | Reached XP level 3. HP: 29/29 MP: 3/3
  1056 | D:2      | Reached XP level 4. HP: 15/35 MP: 4/4
  1115 | D:2      | Reached skill level 5 in Shields
  1628 | D:3      | Found Fogysit's Distillery.
  1641 | D:3      | Bought a potion of curing for 33 gold pieces
  1641 | D:3      | Bought a potion of degeneration for 11 gold pieces
  1668 | D:3      | Reached XP level 5. HP: 36/41 MP: 5/5
  1833 | D:3      | Noticed Jessica
  1842 | D:3      | Killed Jessica
  2082 | D:3      | Found a faded altar of an unknown god.
  2086 | D:3      | Found an opulent altar of Gozag.
  2569 | D:4      | Reached skill level 5 in Armour
  2569 | D:4      | Reached XP level 6. HP: 30/47 MP: 6/6
  2651 | D:4      | Reached skill level 6 in Shields
  2759 | D:4      | Noticed Robin
  2779 | D:4      | Reached XP level 7. HP: 52/52 MP: 7/7
  2790 | D:4      | Killed Robin
  3174 | D:5      | Entered Level 5 of the Dungeon
  3393 | D:5      | Noticed a water moccasin
  3402 | D:5      | Killed a water moccasin
  3403 | D:5      | Reached skill level 7 in Shields
  3673 | D:5      | Reached skill level 5 in Maces & Flails
  3703 | D:5      | Reached XP level 8. HP: 53/58 MP: 8/8
  3971 | D:6      | Found a glowing drain.
  3984 | D:6      | Noticed Grinder
  4011 | D:6      | Killed Grinder
  4012 | D:6      | Reached skill level 8 in Shields
  4018 | Sewer    | Entered a sewer
  4609 | D:6      | Reached skill level 9 in Shields
  4609 | D:6      | Reached XP level 9. HP: 64/64 MP: 9/9
  5301 | D:7      | Found a staircase to the Ecumenical Temple.
  5309 | Temple   | Entered the Ecumenical Temple
  5760 | D:7      | Reached skill level 10 in Shields
  5983 | D:7      | HP: 3/60 [wight/+0 dagger (3)]
  6277 | D:7      | Reached XP level 10. HP: 62/70 MP: 10/10
  6389 | D:8      | Found a sacrificial altar of Ru.
  6627 | D:8      | Reached skill level 11 in Shields
  7013 | D:8      | Found an ornate altar of the Wu Jian Council.
  7027 | D:8      | Became a worshipper of the Wu Jian Council
  7527 | D:8      | Noticed a komodo dragon
  7538 | D:8      | Killed a komodo dragon
  8238 | D:9      | Reached skill level 10 in Armour
  8266 | D:9      | Reached skill level 12 in Shields
  8678 | D:9      | Reached * piety under Wu Jian
  8702 | D:9      | Reached XP level 11. HP: 62/75 MP: 11/11
  8796 | D:9      | Found a staircase to the Lair.
  8829 | D:9      | Found a glowing golden altar of the Shining One.
  8833 | D:9      | Found an ornate altar of the Wu Jian Council.
  8838 | D:9      | Found a shadowy altar of Dithmenos.
  9312 | D:9      | Noticed Psyche
  9327 | D:9      | Killed Psyche
  9344 | D:9      | Found the +7 mace of Variability {chain chaos}
  9352 | D:9      | Found a shimmering altar of Xom.
  9360 | D:9      | Reached skill level 13 in Shields
  9369 | D:9      | Fell from the grace of Wu Jian
  9369 | D:9      | Became a worshipper of Xom the Tricky
  9381 | D:9      | Noticed Pikel
  9389 | D:9      | XOM: potion effect (might)
  9390 | D:9      | XOM: summons friendly crimson imp
  9391 | D:9      | Killed Pikel
  9392 | D:9      | Reached skill level 10 in Maces & Flails
  9515 | D:10     | Entered Level 10 of the Dungeon
  9517 | D:10     | Noticed a wizard
  9545 | Lair:1   | Entered Level 1 of the Lair of Beasts
  9562 | Lair:1   | XOM is BORED!
  9562 | Lair:1   | XOM: silly message
  9584 | Lair:1   | XOM: divination: magic mapping
 10046 | Lair:1   | XOM: divination: magic mapping
 10206 | Lair:1   | XOM: divination: detect creatures
 10396 | Lair:1   | XOM: divination: magic mapping
 10607 | Lair:2   | XOM: scenery: summon butterflies
 10661 | Lair:2   | XOM: scenery: summon butterflies
 10687 | Lair:2   | XOM: scenery: summon butterflies
 10765 | Lair:2   | You fall into a shaft and drop 2 floors!
 10765 | Lair:4   | Found a staircase to the Slime Pits.
 10765 | Lair:4   | Found a viscous altar of Jiyva.
 10771 | Lair:4   | XOM: cleaving
 10776 | Lair:4   | Identified the +1 robe of Philately {rF++}
 10787 | Lair:4   | Noticed an elephant
 10788 | Lair:4   | Noticed an elephant
 10789 | Lair:4   | XOM: give mutations
 10789 | Lair:4   | Gained mutation: You are clumsy. (Dex -2) [Xom's mischief]
 10789 | Lair:4   | Gained mutation: You are vulnerable to cold. (rC-) [Xom's
                  | mischief]
 10789 | Lair:4   | Gained mutation: You occasionally lose the ability to read
                  | scrolls when taking damage. [Xom's mischief]
 10793 | Lair:4   | Noticed a boulder beetle
 10794 | Lair:4   | Killed an elephant
 10798 | Lair:4   | a boulder beetle changed into an eight-headed hydra
 10798 | Lair:4   | Noticed an eight-headed hydra
 10798 | Lair:4   | XOM: polymorph boulder beetle -> eight-headed hydra
 10801 | Lair:4   | Killed an elephant
 10803 | Lair:4   | Killed an eight-headed hydra
 10804 | Lair:4   | Reached skill level 14 in Shields
 10841 | Lair:4   | Noticed an eight-headed hydra
 10847 | Lair:4   | XOM: divination: detect items
 10851 | Lair:4   | Mangled by an eight-headed hydra

Illustrated notes

Levels and vault maps discovered:
D:1:      amcnicky_arrival_wind_blow, layout_basic,
          hellmonk_ecumenical_altar_inner_sanctum, kennysheep_decorative_pillar,
          st_stairs_12
D:2:      layout_loops_ring, hangedman_feature_mirror
D:3:      layout_basic, nicolae_overflow_ecumenical_swirl, serial_shops,
          nicolae_lakefront_shop, uniq_jessica
D:4:      layout_loops_ring, uniq_robin
D:5:      layout_gridville, minmay_misc_feat_chi, kennysheep_cluttered_room
D:6:      layout_basic, gup_sewer_entry_glass, uniq_grinder
D:7:      layout_rooms, minmay_temple_entry_glassed_door,
          kennysheep_generic_room_5
D:8:      layout_layer_cave, hangedman_feature_mirror,
          hangedman_abyss_or_decor_jellyfish_corner
D:9:      layout_roguey, grunt_temple_overflow_diamond,
          due_lair_maze_entry_diamond, minmay_guarded_unrand_variability,
          uniq_psyche, uniq_pikel
D:10:     layout_long_grid, lemuel_crystal_altar, david_orc_1_choice,
          bh_hangedman_babel_library, uniq_maurice
Temple:   minmay_crystal_spiral_temple
Lair:1:   layout_regular_city, serial_bayou, serial_bayou_lake_a,
          serial_bayou_pond_a, serial_bayou_lagoon_a, serial_bayou_shore_a
Lair:2:   layout_roguey, minmay_snake_entry_six_corridors, lemuel_fruit_fields,
          uniq_nergalle
Lair:4:   layout_misc_corridors, slime_entry_1

Skill      XL: |  1  2  3  4  5  6  7  8  9 10 11 |
---------------+----------------------------------+-----
Armour         | 4 5 6 7 8 10 11 | 11.9
Maces & Flails | 3 4 5 6 7 9 10 | 10.7
Shields        | 5 6 7 9 10 12 14 | 14.0
Fighting       | |  3.2

Action                   |  1- 3 |  4- 6 |  7- 9 | 10-12 || total
-------------------------+-------+-------+-------+-------++-------
Melee: Flail             |    89 |   133 |   353 |    52 ||   627
       Morningstar       |       |       |       |   172 ||   172
       Great mace        |       |       |       |    96 ||    96
       Dire flail        |       |       |       |    59 ||    59
Throw: Boomerang         |       |       |     3 |       ||     3
Invok: Lunge             |       |       |       |    18 ||    18
       Whirlwind         |       |       |       |     7 ||     7
  Use: Scroll            |       |       |    11 |     2 ||    13
       Potion            |       |       |     2 |       ||     2
 Stab: Invisible         |       |       |       |     1 ||     1
Armor: Scale mail        |    31 |       |       |       ||    31
       Chain mail        |     7 |    61 |   201 |    36 ||   305
       Plate armour      |       |       |       |   105 ||   105
Dodge: Dodged            |    41 |    37 |    86 |    64 ||   228
Block: Buckler           |    30 |    37 |    80 |       ||   147
       Kite shield       |       |       |    68 |   204 ||   272

Table legend: (Time is in decaauts)
 A = Elapsed time spent in this place.
 B = Non-inter-level travel time spent in this place.
 C = Inter-level travel time spent in this place.
 D = Time resting spent in this place.
 E = Time spent auto-exploring this place.
 F = Levels seen in this place.
 G = Mean time per level.
                   A        B        C        D        E       F      G
               +--------+--------+--------+--------+--------+-----+--------+
         Total |  11048 |  10452 |    596 |   1625 |   6471 |  15 |  736.5 |
       Dungeon |   9301 |   8825 |    476 |   1285 |   5549 |  10 |  930.1 |
        Temple |    211 |    127 |     84 |      0 |    112 |   1 |  211.0 |
          Lair |   1355 |   1319 |     36 |    271 |    804 |   3 |  451.7 |
         Sewer |    180 |    180 |      0 |     69 |      6 |   1 |  180.0 |
               +--------+--------+--------+--------+--------+-----+--------+

Top non-repeatable levels by time:
     D:8: 1939 daAuts
     D:9: 1240 daAuts
     D:6: 1120 daAuts
  Lair:1: 1076 daAuts
     D:7: 1074 daAuts
     D:2: 971 daAuts
     D:3: 856 daAuts
     D:4: 731 daAuts
     D:5: 681 daAuts
     D:1: 679 daAuts
  Temple: 211 daAuts
  Lair:2: 187 daAuts
   Sewer: 180 daAuts
  Lair:4: 90 daAuts
    D:10: 5 daAuts
